 Dungeon Crawl Stone Soup version 0.22-a0-322-g60b3cfd (webtiles) character file.

2 xccam the Thaumaturge (level 1, 0/17 HPs)
             Began as a Gnoll Wanderer on Apr 4, 2018.
             Slain by a hobgoblin (3 damage)
             ... on level 1 of the Dungeon.
             The game lasted 00:00:49 (115 turns).

xccam the Thaumaturge (Gnoll Wanderer)               Turns: 115, Time: 00:00:50

Health: 0/17       AC:  2    Str: 18    XL:     1   Next: 30%
Magic:  10/10      EV: 12    Int: 12    God:
Gold:   3          SH:  4    Dex: 12    Spells: 17/18 levels left

rFire    . . .     SeeInvis .   d - +0 club
rCold    . . .     Gourm    .   b - +0 buckler
rNeg     . . .     Faith    .   c - +0 robe
rPois    .         Spirit   .   (no helmet)
rElec    .         Reflect  .   (no cloak)
rCorr    .         Harm     .   (no gloves)
MR       .....                  (no boots)
Stlth    +.........             (no amulet)
HPRegen  0.05/turn              (no ring)
MPRegen  0.12/turn              (no ring)

@: no status effects
A: distributed training, fangs 1, strong nose
a: no special abilities


You were on level 1 of the Dungeon.
You were not hungry.

You visited 1 branch of the dungeon, and saw 1 of its levels.

You collected 3 gold pieces.

Inventory:

Hand Weapons
 d - a +0 club (weapon)
Armour
 b - a +0 buckler (worn)
 c - a +0 robe (worn)
Jewellery
 e - a +3 amulet of reflection {unknown}
Scrolls
 a - a scroll of fog {unknown}
 i - a scroll of teleportation {unknown}
Potions
 g - a potion of flight {unknown}
 h - a potion of ambrosia {unknown}
Comestibles
 f - a ration


   Skills:
 + Level 2.3 Fighting
 + Level 2.3 Short Blades
 + Level 0.0 Long Blades
 + Level 0.0 Axes
 + Level 0.0 Maces & Flails
 + Level 0.0 Polearms
 + Level 0.0 Staves
 + Level 0.0 Slings
 + Level 0.0 Bows
 + Level 0.0 Crossbows
 + Level 0.0 Throwing
 + Level 0.0 Armour
 + Level 2.3 Dodging
 + Level 0.0 Stealth
 + Level 2.3 Shields
 + Level 0.0 Unarmed Combat
 + Level 9.2 Spellcasting
 + Level 0.0 Conjurations
 + Level 0.0 Hexes
 + Level 0.0 Charms
 + Level 0.0 Summonings
 + Level 0.0 Necromancy
 + Level 0.0 Translocations
 + Level 0.0 Transmutations
 + Level 0.0 Fire Magic
 + Level 0.0 Ice Magic
 + Level 0.0 Air Magic
 + Level 1.9 Earth Magic
 + Level 0.0 Poison Magic
 + Level 0.0 Invocations
 + Level 2.3 Evocations


You had 17 spell levels left.
You knew the following spells:

 Your Spells              Type           Power        Failure   Level  Hunger
a - Magic Dart            Conj           #...         16%         1    None


Dungeon Overview and Level Annotations

Branches:
Dungeon (1/15)

Altars:


Innate Abilities, Weirdness & Mutations

Your experience applies equally to all skills.
You have very sharp teeth.
Your uncanny sense of smell can sniff out nearby items.


Message History

You hit the goblin.
You kill the goblin!
You hit the hobgoblin but do no damage. Your bite misses the hobgoblin.
The hobgoblin is heavily wounded.
The hobgoblin barely misses you.
The hobgoblin hits you but does no damage.
You hit the hobgoblin. Your bite misses the hobgoblin.
The hobgoblin is severely wounded.
The hobgoblin hits you.
* * * LOW HITPOINT WARNING * * *
You barely miss the hobgoblin.
The hobgoblin is severely wounded.
The hobgoblin hits you but does no damage.
You hit the hobgoblin.
The hobgoblin is almost dead.
The hobgoblin hits you but does no damage.
You hit the hobgoblin but do no damage.
The hobgoblin is almost dead.
The hobgoblin closely misses you. The hobgoblin hits you.
You die...

.# ## .$ .## .#
... ∆ ..... .#.#
...
##########.#.#$#
#......@g.....#
#.########...##
#.# ### ..## #.#
#.. .... #.#
#.##..##### #.#
#......... #.#
#..#....
#.#####..##.##
#...........#


You could see a hobgoblin.

Vanquished Creatures
  A goblin (D:1)
  A frilled lizard (D:1)
2 creatures vanquished.

Notes
Turn   | Place    | Note
-------+----------+-------------------------------------------
     0 | D:1      | Reached skill level 9 in Spellcasting
     0 | D:1      | xccam the Gnoll Wanderer began the quest for the Orb.
     0 | D:1      | xccam set off with: a +0 buckler, a +0 robe, a +0 club, a ration
     0 | D:1      | Reached XP level 1. HP: 17/17 MP: 10/10
     2 | D:1      | Learned a level 1 spell: Magic Dart
   115 | D:1      | Slain by a hobgoblin

Vault maps used:
D:1:      dpeg_arrival_fog, serial_forest, infiniplex_forest_straight_1,
          infiniplex_forest_lined_1, infiniplex_forest_join,
          infiniplex_forest_clump_curved, infiniplex_forest_straight_5,
          infiniplex_forest_straight_3, infiniplex_forest_lined_ring

Skill      XL: | |
---------------+-+-----
Spellcasting   | |  9.2
Fighting       | |  2.3
Short Blades   | |  2.3
Dodging        | |  2.3
Shields        | |  2.3
Earth Magic    | |  1.9
Evocations     | |  2.3

Action                   || total
-------------------------++-------
Melee: Club              ||    14
       Bite              ||     1
Armor: Robe              ||     3
Dodge: Dodged            ||     7
Block: Buckler           ||     2

Table legend:
 A = Spawn XP
 B = Non-spawn XP
 C = Spawn XP percentage of total XP
 D = Spawn monster count
 E = Non-spawn monster count
 F = Spawn count percentage of total count
 G = Total turns spent on level
                    A         B        C        D         E        F      G
               +---------+---------+-------+---------+---------+-------+---------
         Total |       0 |       3 |   0.0 |       0 |       2 |   0.0 |   115
               +---------+---------+-------+---------+---------+-------+---------
           D:1 |       0 |       3 |   0.0 |       0 |       2 |   0.0 |   115
               +---------+---------+-------+---------+---------+-------+---------
